Map: Oxide LE

Players

Vanya

  • Race: Zerg Zerg
  • League: Master
  • Spawn Location: 1:00

LiquidClem (Clem) - Winner!

  • Race: Terran Terran
  • League: Grandmaster
  • Spawn Location: 7:00

Event: DreamHack SC2 Masters 2020 Winter

VOD

Have the link to the VOD?

Description

Time

  • Played on: Oct. 23, 2020, 11:28 a.m.
  • Length: 12:12

All games in this series

Show
View Real Time Build Order
Export as new Build Order

Vanya Zerg 

Build Orders: Hatch First 

Get SALT Encoding   

  12  0:00  Drone  
  13  0:12  Overlord  
  13  0:17  Drone  
  14  0:30  Drone x2  
  16  0:47  Hatchery  
  15  0:52  Drone  
  15  0:55  Drone  
  17  0:58  Drone  
  18  1:09  Extractor  
  17  1:14  Spawning Pool  
  17  1:16  Drone  
  17  1:20  Drone  
  18  1:28  Drone  
  19  1:40  Drone  
  20  1:52  Overlord  
  20  2:00  Queen  
  20  2:01  Queen, Zergling x4  
  26  2:12  Drone x2  
  26  2:13  Metabolic Boost  
  28  2:30  Hatchery  
  28  2:32  Drone  
  28  2:35  Drone  
  29  2:39  Drone  
  29  2:44  Queen  
  30  2:48  Overlord  
  32  2:54  Drone x2  
  32  2:56  Drone  
  35  2:58  Drone  
  36  3:10  Drone x4  
  36  3:12  Overlord  
  40  3:21  Zergling x4  
  40  3:25  Queen  
  44  3:33  Evolution Chamber  
  45  3:34  Zergling x4  
  45  3:37  Evolution Chamber  
  44  3:41  Drone x6  
  44  3:47  Zergling x2  
  50  3:52  Zergling x4  
  50  3:55  Zergling x6  
  54  3:59  Zergling x2  
  54  4:03  Drone  
  54  4:04  Drone  
  54  4:06  Spore Crawler, Queen  
  55  4:14  Drone  
  55  4:15  Drone  
  57  4:17  Overlord  
  57  4:22  Spore Crawler  
  57  4:23  Spore Crawler  
  55  4:27  Roach Warren  
  55  4:30  Zergling x6  
  57  4:37  Zergling x6  
  60  4:41  Drone  
  60  4:43  Drone, Overlord  
  64  4:47  Zergling x2  
  64  4:48  Evolution Chamber  
  61  4:56  Drone x4  
  61  4:58  Drone  
  61  4:59  Drone  
  65  5:03  Drone x2  
  65  5:05  Drone x2  
  67  5:08  Lair  
  67  5:11  Drone x2  
  69  5:14  Drone  
  69  5:18  Drone  
  69  5:20  Drone  
  69  5:28  Drone x2  
  67  5:31  Drone  
  67  5:32  Drone  
  67  5:34  Extractor x2  
  67  5:35  Drone x8  
  71  5:39  Drone  
  71  5:42  Spore Crawler  
  71  5:45  Drone  
  71  5:46  Drone  
  71  5:47  Extractor  
  71  5:49  Evolution Chamber  
  71  5:50  Evolution Chamber  
  71  5:51  Drone  
  71  5:55  Drone  
  72  6:00  Spore Crawler  
  72  6:01  Drone x3  
  74  6:06  Overseer  
  74  6:11  Queen  
  72  6:12  Spore Crawler  
  72  6:15  Spore Crawler  
  72  6:18  Drone  
  73  6:19  Zerg Missile Weapons Level 1  
  73  6:20  Extractor, Zerg Ground Armor Level 1, Hatchery  
  73  6:21  Drone, Extractor  
  73  6:22  Drone  
  73  6:23  Drone x2  
  71  6:25  Drone  
  71  6:26  Drone  
  71  6:27  Glial Reconstitution  
  71  6:31  Overlord  
  71  6:32  Overlord  
  71  6:36  Overlord  
  71  6:37  Drone  
  71  6:39  Drone x2  
  73  6:44  Overlord x2  
  73  6:51  Drone x3  
  76  6:54  Drone  
  76  6:56  Drone x2  
  76  6:58  Spore Crawler  
  76  6:59  Drone  
  77  7:01  Drone  
  77  7:02  Drone  
  77  7:04  Drone x2  
  81  7:11  Roach x3  
  87  7:17  Roach  
  87  7:19  Roach x2  
  93  7:23  Roach x6  
  103  7:30  Roach x4  
  103  7:32  Ravager  
  103  7:33  Ravager x2  
  103  7:36  Overlord  
  114  7:37  Roach x2  
  114  7:38  Overlord  
  114  7:42  Overlord  
  118  7:51  Overlord x2  
  118  7:54  Overlord  
  118  7:58  Roach x4  
  126  7:59  Overlord x2  
  126  8:02  Roach x2  
  130  8:05  Ravager x2  
  130  8:06  Overlord, Ravager  
  130  8:10  Roach x3  
  139  8:15  Roach x3  
  142  8:25  Roach x6, Overlord  
  132  8:32  Roach  
  132  8:33  Roach x3  
  138  8:37  Zergling x10  
  138  8:39  Ravager x2  
  145  8:44  Roach x3  
  145  8:47  Roach x2  
  155  8:53  Roach x3  
  152  8:56  Roach  
  152  8:57  Roach x2  
  150  9:04  Roach x4  
  156  9:10  Roach  
  156  9:11  Roach x3  
  164  9:19  Roach x5  
  164  9:21  Ravager  
  164  9:22  Ravager  
  176  9:28  Roach  
  176  9:29  Roach x3  
  184  9:32  Overlord  
  184  9:36  Overlord  
  184  9:38  Overlord  
  184  9:42  Overlord  
  163  9:57  Roach x10  
  153  10:02  Roach  
  153  10:03  Roach x3  
  161  10:12  Roach x3  
  167  10:19  Roach x4  
  170  10:23  Roach x2  
  166  10:28  Roach  
  166  10:31  Roach x3  
  162  10:36  Roach  
  162  10:39  Queen x2  
  162  10:41  Roach x3  
  155  10:44  Roach x4  
  161  10:50  Roach  
  161  10:52  Queen  
  161  10:54  Zergling x4  
  161  10:55  Ravager  
  161  10:56  Ravager x2  
  170  10:58  Zergling x2, Ravager  
  170  11:02  Zergling x6  
  164  11:04  Queen  
  164  11:06  Zergling x2  
  164  11:08  Ravager x3  
  168  11:12  Roach x3  
  168  11:18  Roach  
  176  11:22  Roach  
  177  11:28  Hatchery  
  177  11:29  Roach x3  
  146  11:37  Roach x4  
  113  11:45  Roach x3  
  106  11:49  Ravager x2  
  106  11:50  Roach x2, Ravager x2  
  106  11:51  Roach x3  
  106  11:52  Roach x2  
Show
View Real Time Build Order
Export as new Build Order

LiquidClem Terran - Winner!

Build Orders: Gas First Reaper Expand, Hellion Banshee 

Get SALT Encoding   

  12  0:00  SCV  
  13  0:12  SCV  
  14  0:17  Supply Depot  
  14  0:25  SCV  
  15  0:31  Refinery  
  15  0:39  SCV  
  16  0:44  Barracks  
  16  0:51  SCV  
  17  1:03  SCV  
  18  1:15  SCV  
  19  1:31  Orbital Command, Reaper  
  20  1:43  Command Center  
  20  1:53  Factory  
  20  1:57  SCV  
  21  2:07  Supply Depot  
  21  2:08  Barracks Reactor  
  21  2:12  SCV  
  22  2:18  Refinery  
  22  2:24  SCV  
  23  2:36  SCV  
  24  2:45  Starport  
  24  2:47  Hellion  
  24  2:48  SCV, Hellion  
  29  2:55  Orbital Command  
  29  3:00  SCV  
  30  3:09  Hellion x2  
  30  3:12  Barracks Tech Lab  
  34  3:13  SCV  
  35  3:21  SCV  
  35  3:25  SCV  
  37  3:32  Supply Depot  
  37  3:36  Hellion  
  37  3:37  SCV, Hellion  
  37  3:38  SCV  
  43  3:46  Cloaking Field, Banshee  
  46  3:51  SCV x2  
  46  3:55  Supply Depot  
  46  4:01  Hellion  
  46  4:03  SCV x2  
  48  4:12  Barracks Tech Lab  
  48  4:15  SCV x2  
  50  4:19  Supply Depot  
  50  4:27  SCV x2  
  50  4:29  Banshee  
  55  4:34  Command Center, Factory Reactor  
  55  4:39  SCV x2  
  55  4:41  Stimpack  
  55  4:44  Marine  
  57  4:53  SCV  
  57  4:58  Barracks  
  57  4:59  Barracks  
  45  5:00  SCV  
  45  5:02  Marine  
  45  5:06  SCV  
  48  5:12  SCV  
  49  5:16  Banshee  
  49  5:17  Hellion x2  
  49  5:18  SCV  
  49  5:19  Marine  
  55  5:24  SCV  
  46  5:30  SCV  
  46  5:35  Command Center  
  46  5:36  SCV  
  46  5:37  Marine  
  46  5:42  SCV  
  49  5:47  Marine x2  
  49  5:48  SCV  
  52  5:54  SCV  
  53  6:01  SCV  
  54  6:06  SCV, Marine x2  
  54  6:07  Marine x2  
  54  6:08  Engineering Bay  
  54  6:09  Engineering Bay  
  54  6:11  Starport Reactor  
  59  6:12  Marine  
  59  6:13  SCV, Siege Tank  
  65  6:18  SCV  
  65  6:20  Combat Shield  
  65  6:25  Marine, SCV  
  67  6:28  Marine x2  
  67  6:30  SCV  
  70  6:33  Refinery x2  
  70  6:35  Supply Depot  
  70  6:37  SCV  
  70  6:38  Terran Infantry Armor Level 1, Terran Infantry Weapons Level 1  
  68  6:41  Marine x2  
  68  6:44  Marine  
  68  6:45  SCV  
  72  6:50  Orbital Command  
  72  6:53  Marine  
  72  6:54  Marine  
  74  6:59  SCV, Marine x2  
  77  7:04  Marine  
  77  7:05  Medivac  
  77  7:06  Medivac  
  77  7:07  SCV  
  83  7:10  Siege Tank  
  83  7:14  Orbital Command  
  86  7:16  Supply Depot  
  86  7:17  SCV  
  86  7:19  SCV  
  86  7:22  Marine x2  
  88  7:26  Marine  
  88  7:29  SCV  
  92  7:31  Marine x2, SCV  
  92  7:33  Supply Depot  
  95  7:41  SCV  
  95  7:42  SCV  
  95  7:43  SCV  
  98  7:44  Marine  
  98  7:49  Siege Tank, Marine  
  98  7:50  Marine x2  
  105  7:53  SCV, Supply Depot  
  105  7:54  SCV  
  105  7:55  SCV  
  108  7:59  Armory  
  108  8:00  Marine  
  108  8:05  SCV  
  110  8:06  SCV  
  110  8:07  Barracks  
  110  8:10  Barracks  
  110  8:12  Marine  
  112  8:13  Marine, SCV  
  112  8:15  Marine  
  112  8:17  SCV  
  113  8:23  Marine, SCV  
  113  8:25  Siege Tank  
  113  8:26  Medivac, Marine  
  110  8:30  Marine  
  110  8:31  Marine  
  110  8:32  SCV  
  110  8:34  Supply Depot  
  109  8:36  Bunker  
  109  8:37  Marine  
  109  8:41  Medivac  
  112  8:42  Marine  
  112  8:44  Marine  
  112  8:45  Supply Depot  
  112  8:48  Marine  
  115  8:50  Marine  
  115  8:53  Marine  
  109  8:55  Marine  
  109  8:59  Marine  
  109  9:00  Siege Tank  
  109  9:02  Terran Infantry Weapons Level 2, Terran Infantry Armor Level 2  
  115  9:08  Supply Depot, Refinery  
  115  9:09  Supply Depot  
  115  9:10  Marine  
  115  9:12  Marine  
  115  9:14  Barracks Tech Lab x2  
  115  9:16  Marine  
  119  9:17  Marauder  
  119  9:20  Medivac x2  
  119  9:22  Marine  
  124  9:25  SCV x2  
  124  9:28  Marine  
  124  9:30  Concussive Shells  
  127  9:31  Bunker  
  127  9:33  Marauder x2, Marine  
  127  9:35  Siege Tank  
  135  9:40  Marauder, Marine  
  138  9:52  SCV  
  114  9:53  SCV  
  114  9:54  Marauder  
  114  9:55  Marauder  
  114  9:56  SCV  
  114  9:58  Marine  
  108  10:01  Marauder, Marine  
  113  10:07  Siege Tank  
  113  10:09  Marine  
  110  10:16  Marine x2, Marauder x2, Orbital Command  
  110  10:20  Marine  
  115  10:23  Marauder  
  115  10:24  Medivac  
  115  10:27  Marine, SCV  
  118  10:30  SCV  
  118  10:34  Marine x2  
  114  10:37  Marauder x2, Marine  
  114  10:39  Siege Tank, SCV  
  116  10:43  Marine  
  116  10:44  Marine  
  119  10:51  Marine  
  119  10:52  Marine  
  119  10:55  Medivac, Marine  
  124  10:58  Marine  
  124  10:59  Marauder  
  124  11:02  Command Center  
  124  11:03  Marine  
  128  11:04  Marauder  
  128  11:05  SCV  
  128  11:09  Marine  
  131  11:12  Marine  
  131  11:14  Supply Depot  
  131  11:15  Bunker  
  131  11:16  Supply Depot, Marine  
  132  11:27  Marauder x2  
  132  11:29  Siege Tank, Marauder  
  129  11:34  Marine  
  129  11:35  Marine x2  
  129  11:36  Marine  
  117  11:40  SCV x2  
  117  11:41  SCV  
  120  11:48  Marauder  
  120  11:50  Marauder x2, Refinery  
  120  11:51  Command Center  
  120  11:52  SCV  
  120  11:53  Marine x2  
Tags
 
Add a new tag
Caveats
  • Supply blocks, unpowered buildings, or Contaminate may cause inaccurate times.
  • Supply counts are checked every 10 seconds.